 Dungeon Crawl Stone Soup version 0.26.1-2-gb8aa6d0cf2 (webtiles) character file.

Game seed: 17197747125301380964

105 Revguard the Chopper (level 4, -7/44 HPs)
             Began as a Hill Orc Fighter on Mar 26, 2021.
             Was an Initiate of Beogh.
             Killed by divine providence
             ... invoked by an orc priest
              (11 damage)
             ... on level 3 of the Dungeon.
             The game lasted 00:05:10 (1864 turns).

Revguard the Chopper (Hill Orc Fighter)             Turns: 1864, Time: 00:05:10

Health: -7/44      AC: 12    Str: 21    XL:     4   Next: 81%
Magic:  4/4        EV:  7    Int:  8    God:    Beogh [......]
Gold:   117        SH:  0    Dex: 10    Spells: 3/3 levels left

rFire    . . .     SeeInvis .   a - +0 war axe
rCold    . . .     Faith    .   c - +1 kite shield
rNeg     . . .     Spirit   .   b - +0 scale mail
rPois    .         Reflect  .   m - +1 helmet
rElec    .         Harm     .   f - +0 cloak
rCorr    .         Rampage  .   (no gloves)
Will     .....                  (no boots)
Stlth    ..........             (no amulet)
HPRegen  0.14/turn              (no ring)
MPRegen  0.09/turn              (no ring)

@: confused, berserk cooldown, slowed, very slow
A: yellow scales 1, robust 1, strong 1
a: Renounce Religion


You were on level 3 of the Dungeon.
You worshipped Beogh.
Beogh was noncommittal.
You visited 1 branch of the dungeon, and saw 3 of its levels.

You collected 117 gold pieces.

Inventory:

Hand Weapons
 a - a +0 war axe (weapon)
Armour
 b - a +0 scale mail (worn)
 c - a +1 kite shield (worn)
 f - a +0 cloak (worn)
 m - a +1 helmet (worn)
Scrolls
 e - 2 scrolls of amnesia
Potions
 d - a potion of might
 j - a potion of curing


   Skills:
 + Level 4.1 Fighting
 + Level 4.2 Axes
 + Level 3.9 Armour
 + Level 0.8 Dodging
 - Level 0.1 Stealth
 + Level 3.9 Shields
 * Level 0.4 Invocations


You had 3 spell levels left.
You didn't know any spells.
Your spell library was empty.

Dungeon Overview and Level Annotations

Branches:
Dungeon (3/15)

Altars:


Innate Abilities, Weirdness & Mutations

You are partially covered in yellow scales. (AC +2)
You are robust. (+10% HP)
Your muscles are strong. (Str +2)


Message History

Reactivating autopickup.
You block the orc's attack.
An orc priest comes into view. It is wielding a +0 short sword.
Unknown command.
You reach down and open the door.
You block the orc wizard's attack.
Found 8 gold pieces.
You float gracefully downwards.
The orc wizard casts a spell at you.
The magic dart hits you but does no damage.
The orc wizard casts a spell at itself.
The orc wizard flickers and vanishes!
Deactivating autopickup; reactivate with Ctrl-A.
There is an open door here.
You hear some strange, mumbled words.
You are confused.
Found 17 arrows.
The orc priest invokes the aid of Beogh against you.
Beogh smites you!
You die...
Beogh appreciates the orc priest's killing of a heretic priest.

*,,,,,,,**,***,,,** *,*#.#.....,
*,,,,,,,*#.##...(.##*,*#......##
*,,,,,>,*#.#.......##,*##......,
***,,,,,##......$...#,##....#.##
*,,,,,............+,..........
*,,,,,,,........^.,,......#.##
***,*,***#......#*+*###.#*#.#
*,,,,,,,*#.....#,,,* #** #.#
*,**,**,**#.@.#*,,,* #.#
*,**,**,* ##'##*,,,* #.#
*,*#.**,* #.# ***** #.#
*,*#.**,* #o# #####.# *,*#.**,*
##g## #.....# #,*#.**,*##.o.####
#.##### #.##.**,*#..o....# #.#
*,...,,,*#....##.# #.#
***#.#####.#.###.#####.#


You could see an orc priest, 2 orcs and a hobgoblin.

Vanquished Creatures
  An orc wizard (D:3)
  Jessica (D:2)
  2 adders (D:2)
  2 oozes
  A worm (D:2)
  2 dart slugs (D:1)
  3 leopard geckos
  2 bats (D:1)
  3 giant cockroaches
  2 goblins
  3 hobgoblins
  A quokka (D:3)
  4 frilled lizards (D:1)
  3 kobolds
  5 rats
35 creatures vanquished.

Vanquished Creatures (others)
  2 orcs (D:3)
2 creatures vanquished.

Grand Total: 37 creatures vanquished

Notes
Turn   | Place    | Note
-------+----------+-------------------------------------------
     0 | D:1      | Revguard the Hill Orc Fighter began the quest for the Orb.
     0 | D:1      | Reached XP level 1. HP: 19/19 MP: 1/1
     3 | D:1      | Noticed an electric eel
    80 | D:1      | Reached XP level 2. HP: 23/27 MP: 2/2
   549 | D:1      | Reached XP level 3. HP: 33/33 MP: 3/3
  1221 | D:2      | Noticed Jessica
  1229 | D:2      | Killed Jessica
  1230 | D:2      | Reached XP level 4. HP: 35/40 MP: 4/4
  1809 | D:3      | Became a worshipper of Beogh the Brigand
  1826 | D:3      | Gained mutation: Your muscles are strong. (Str +2) [potion
                  | of mutation]
  1826 | D:3      | Gained mutation: You are partially covered in yellow
                  | scales. (AC +2) [potion of mutation]
  1826 | D:3      | Gained mutation: You are robust. (+10% HP) [potion of
                  | mutation]
  1858 | D:3      | HP: 2/44 [something/magic dart (9)]
  1864 | D:3      | Killed from afar by an orc priest

Illustrated notes

Levels and vault maps discovered:
D:1:      arrival_aquarium_b, layout_basic
D:2:      layout_basic, serial_bayou_lagoon_a, lemuel_another_geyser,
          uniq_jessica
D:3:      layout_loops_corners, portal_sewer_entry_a, eino_tiny_chamber

Skill      XL: |  1  2  3 |
---------------+----------+-----
Fighting       | 4 |  4.1
Axes           | 3 4 |  4.2
Armour         | |  3.9
Dodging        | |  0.8
Stealth        | |  0.1
Shields        | |  3.9
Invocations    | |  0.4

Action                   |  1- 3 |  4- 6 || total
-------------------------+-------+-------++-------
Melee: War axe           |    78 |    38 ||   116
Invok: Convert to Beogh  |       |     1 ||     1
  Use: Scroll            |       |     5 ||     5
       Potion            |       |     5 ||     5
Armor: Scale mail        |    51 |    44 ||    95
Dodge: Dodged            |    42 |     7 ||    49
Block: Kite shield       |    46 |    24 ||    70
